Map: Mech-Depot LE

Players

Panda - Winner!

  • Race: Zerg Zerg
  • League: Platinum
  • Spawn Location: 7:00

Niro

  • Race: Zerg Zerg
  • League: Diamond
  • Spawn Location: 1:00

VOD

Have the link to the VOD?

Description

Time

  • Played on: Sept. 2, 2017, 3:27 p.m.
  • Length: 2:53
Show
View Real Time Build Order
Export as new Build Order

Panda Zerg - Winner!

Build Orders: Pool Only 

Get SALT Encoding   

  12  0:01  Drone  
  13  0:12  Extractor  
  12  0:24  Spawning Pool  
  12  0:28  Drone  
  12  0:33  Drone  
  13  0:43  Overlord  
  13  0:48  Drone  
  14  1:12  Zergling x6  
  17  1:18  Metabolic Boost  
  17  1:23  Zergling x2  
  18  1:30  Queen  
  20  1:40  Zergling x2  
  20  1:45  Overlord  
  21  1:54  Baneling Nest  
  21  1:59  Zergling x2  
  21  2:10  Zergling x2  
  22  2:22  Zergling x2  
  23  2:34  Zergling x2  
Show
View Real Time Build Order
Export as new Build Order

Niro Zerg 

Build Orders: Hatch First 

Get SALT Encoding   

  12  0:01  Drone  
  13  0:08  Drone  
  14  0:16  Extractor, Drone  
  15  0:22  Overlord  
  15  0:40  Drone x2  
  17  0:45  Drone  
  18  0:57  Hatchery  
  18  1:00  Drone  
  18  1:02  Extractor  
  17  1:07  Drone  
  18  1:19  Drone  
  18  1:22  Spawning Pool  
  18  1:29  Drone  
  19  1:38  Drone  
  20  1:49  Overlord  
  20  2:01  Drone  
  21  2:11  Zergling x4  
  21  2:15  Queen x2  
  27  2:26  Zergling x2  
Tags
 
Matchup
ZvZ
Race
Zerg
Replay Pack
replays1
Spawn Locations
Cross Positions
Add a new tag
Caveats
  • Supply blocks, unpowered buildings, or Contaminate may cause inaccurate times.
  • Supply counts are checked every 10 seconds.